 Dungeon Sprint DCSS version 0.26-a0-652-gafc20e3620 (webtiles) character file.

Game seed: 2358411736192107354

75110 mhtbhm the Conqueror (level 15, 0/261 HPs)
             Began as a Minotaur Berserker on Oct 4, 2020.
             Was the Champion of Trog.
             Engulfed by Boecseub the pandemonium lord's acidic fog (3 damage)
             ... in the Dungeon (Sprint VII: "The Pits").
             The game lasted 00:21:39 (5756 turns).

mhtbhm the Conqueror (Minotaur Berserker)           Turns: 5756, Time: 00:21:40

Health: 0/261      AC: 18    Str: 27    XL:     15   Next: 8%
Magic:  14/14      EV: 11    Int:  9    God:    Trog [******]
Gold:   18         SH:  0    Dex: 11    Spells: 14/14 levels left

rFire    + + +     SeeInvis +   a - +9 battleaxe of Execution {vorpal, rElec rPois}
rCold    + + +     Faith    .   (shield currently unavailable)
rNeg     . . .     Spirit   .   b - +2 gold dragon scales
rPois    +         Reflect  .   (helmet restricted)
rElec    +         Harm     .   m - +1 cloak
rCorr    .         Rampage  .   (no gloves)
MR       ++++.     NoTele   +   (no boots)
Stlth    ..........             J - amulet "Lituurai" {rC+ MR+++ Regen+ Int+2}
HPRegen  0.93/turn              I - ring of the Gastropod {rF+ Int+3 Slay+5}
MPRegen  0.14/turn              M - ring of Uthagez {rF+ rC++ SInv}

@: berserking, corroded, studying Shields, very quick
A: retaliatory headbutt, horns 2
a: Berserk, Trog's Hand, Brothers in Arms, Renounce Religion


You were in the Dungeon.
You worshipped Trog.
Trog was exalted by your worship.
You visited 1 branch You collected 18 gold pieces.

Inventory:

Hand Weapons
 a - the +9 battleaxe of Execution (weapon) {vorpal, rElec rPois}
   (Trog gifted it to you in the Dungeon)

   It inflicts extra damage upon your enemies.
   It insulates you from electricity.
   It protects you from poison.
 l - the +10 scimitar "Death Rattle" {speed, rPois}
   (You found it in the Dungeon)

   Attacks with this weapon are significantly faster.
   It protects you from poison.
 q - a +6 executioner's axe of flaming
 C - a +6 antimagic executioner's axe
Armour
 b - +2 gold dragon scales (worn)
 m - a +1 cloak (worn)
 s - a +0 kite shield of protection
Jewellery
 E - the ring of Qoebekhu {rElec rPois Str+3 Slay+4}
   (You found it in the Dungeon)

   [ring of slaying]

   It affects your strength (+3).
   It affects your accuracy and damage with ranged weapons and melee attacks
   (+4).
   It insulates you from electricity.
   It protects you from poison.
 I - the ring of the Gastropod (left hand) {rF+ Int+3 Slay+5}
   (You found it in the Dungeon)

   [ring of slaying]

   It affects your intelligence (+3).
   It affects your accuracy and damage with ranged weapons and melee attacks
   (+5).
   It protects you from fire.
 J - the amulet "Lituurai" (around neck) {rC+ MR+++ Regen+ Int+2}
   (You found it in the Dungeon)

   [amulet of regeneration]

   It affects your intelligence (+2).
   It protects you from cold.
   It affects your resistance to hostile enchantments.
   It increases your rate of regeneration.
 K - the amulet "Bacs" {Reflect rN++ SH+5}
   (You found it in the Dungeon)

   [amulet of reflection]

   It shields you and reflects attacks.
   It greatly protects you from negative energy.
   It affects your SH (+5).
 L - the amulet "Ofafim" {Faith *Corrode rPois rN+++ SInv}
   (You found it in the Dungeon)

   [amulet of faith]

   It allows you to gain divine favour quickly.
   It protects you from poison.
   It renders you almost immune to negative energy.
   It lets you see invisible.
   It may corrode you when you take damage.
 M - the ring of Uthagez (right hand) {rF+ rC++ SInv}
   (You found it in the Dungeon)

   [ring of see invisible]

   It protects you from fire.
   It greatly protects you from cold.
   It lets you see invisible.
 Y - the ring "Dyiss" {AC+6 Str+4 Dex+4}
   (You found it in the Dungeon)

   [ring of protection]

   It affects your AC (+6).
   It affects your strength (+4).
   It affects your dexterity (+4).
Wands
 F - a wand of acid (5)
Scrolls
 h - a scroll of blinking
 j - 6 scrolls of remove curse
 k - a scroll of summoning
 r - a scroll of identify
 u - a scroll of fog
 v - 3 scrolls of fear
Potions
 c - 6 potions of curing
 d - 16 potions of heal wounds
 e - 6 potions of haste
 f - 10 potions of magic
 g - 5 potions of berserk rage
 i - 2 potions of invisibility
 n - 3 potions of stabbing
 o - a potion of might
 p - 7 potions of mutation
Books
 D - a manual of Shields
Miscellaneous
 t - a lightning rod (3/4)
 A - a phial of floods


   Skills:
 O Level 27 Fighting
 + Level 26.5 Axes
 + Level 24.7 Armour
 + Level 9.2 Dodging
 + Level 9.2 Stealth


You had 14 spell levels left.
You didn't know any spells.
Your spell library was empty.

Dungeon Overview and Level Annotations

Branches:
Dungeon (1/1)

Altars:
Ashenzari
Cheibriados
Dithmenos
Elyvilon
Fedhas
Gozag
Hepliaklqana
Kikubaaqudgha
Makhleb
Nemelex Xobeh
Okawaru
Qazlal
Ru
Sif Muna
Trog
Uskayaw
Vehumet
Wu Jian
Xom
Yredelemnul
Zin
The Shining One
Beogh
Jiyva
Lugonu


Innate Abilities, Weirdness & Mutations

You reflexively headbutt those who attack you in melee.
You have a pair of horns on your head.


Message History

You slash Boecseub! You headbutt Boecseub!!
Boecseub is heavily wounded.
You are engulfed in acidic fog.
The acid corrodes you!
You are splashed with acid!
* * * LOW HITPOINT WARNING * * *
x2 Unknown command.
You hit Boecseub but do no damage.
Boecseub is heavily wounded.
You are engulfed in acidic fog.
You are splashed with acid!
* * * LOW HITPOINT WARNING * * *
x2 Boecseub hits you!!
* * * LOW HITPOINT WARNING * * *
Unknown command.
Unknown command.
You slice Boecseub!! You headbutt Boecseub.
Boecseub is severely wounded.
You are engulfed in acidic fog.
The acid corrodes you!
You are splashed with acid!
* * * LOW HITPOINT WARNING * * *
You die...

#+# #.# #'# #&#
#@# #.# #'# #.#
#'# #)# #'#
################'#
(................#


You could see Boecseub (fast, clouds).

Vanquished Creatures
  2 ancient liches (D)
  2 Tzitzimimeh (D)
  A deep elf blademaster (D)
  A sphinx (D)
  A death cob (D)
  A storm dragon (D)
  2 nagarajas (D)
  A draconian monk (D)
  A draconian knight (D)
  A draconian scorcher (D)
  A ghost moth (D)
  An orc warlord (D)
  2 deep elf sorcerers (D)
  2 draconian shifters (D)
  A draconian annihilator (D)
  A vampire knight (D)
  A black draconian (D)
  An eidolon (D)
  An ettin (D)
  An ogre mage (D)
  A yaktaur captain (D)
  3 vault guards (D)
  A hell beast (D)
  A hydra (D)
  A rakshasa (D)
  A centaur warrior (D)
  2 merfolk avatars (D)
  2 naga warriors (D)
  3 death yaks (D)
  2 deep elf knights (D)
  2 sea snakes (D)
  A deep troll (D)
  An unseen horror (D)
  A swamp dragon (D)
  8 orc knights (D)
  An orc sorcerer (D)
  A deep elf mage (D)
  An elephant (D)
  A black mamba (D)
  Psyche (D)
  3 naga magi (D)
  An eye of devastation (D)
  2 molten gargoyles (D)
  A gargoyle (D)
  2 yaktaurs (D)
  A guardian mummy (D)
  2 demonic crawlers (D)
  2 freezing wraiths (D)
  A hellwing (D)
  A tyrant leech (D)
  A troll (D)
  A snapping turtle (D)
  An air elemental (D)
  A wraith (D)
  A fire elemental (D)
  A fire bat (D)
  A steam dragon (D)
  2 vampire mosquitoes (D)
  2 nagas (D)
  4 floating eyes (D)
  An orc warrior (D)
  2 black bears (D)
  A phantom (D)
  A necrophage (D)
  2 wolves (D)
  2 centaurs (D)
  A scorpion (D)
  8 killer bees (D)
  2 crimson imps (D)
  A quasit (D)
  An iguana (D)
  2 worker ants (D)
  2 gnolls (D)
  An adder (D)
  A white imp (D)
  An ooze (D)
  3 adder skeletons (D)
  2 leopard geckos (D)
  10 orcs (D)
  A jackal (D)
  2 quokkas (D)
  2 frilled lizards (D)
  A rat (D)
141 creatures vanquished.

Vanquished Creatures (collateral kills)
  A nagaraja (D)
  An orc warlord (D)
  A red draconian (D)
  2 deep elf death magi (D)
  A fire dragon (D)
  A deep elf high priest (D)
  A catoblepas (D)
  An anaconda (D)
  An alligator (D)
  A spriggan berserker (D)
  A wizard (D)
  A necromancer (D)
  3 orc knights (D)
  A basilisk (D)
  A bat skeleton (D)
  A ball python skeleton (D)
19 creatures vanquished.

Vanquished Creatures (others)
  A quicksilver dragon (D)
  An acid blob (D)
  A death ooze (D)
  A red devil (D)
  An eye of draining (D)
  A giant cockroach simulacrum (D)
6 creatures vanquished.

Grand Total: 166 creatures vanquished

Notes
Turn   | Place    | Note
-------+----------+-------------------------------------------
     0 | D        | mhtbhm the Minotaur Berserker began the quest for the Orb.
     0 | D        | Reached XP level 1. HP: 19/19 MP: 0/0
    17 | D        | Reached skill level 4 in Fighting
    47 | D        | Found a bloodstained altar of Trog.
    47 | D        | Found a shimmering blue altar of Sif Muna.
    47 | D        | Found a viscous altar of Jiyva.
    47 | D        | Found a hazy altar of Hepliaklqana.
    47 | D        | Found an opulent altar of Gozag.
    48 | D        | Found a glowing golden altar of the Shining One.
    48 | D        | Found a glowing silver altar of Zin.
    48 | D        | Found a basalt altar of Yredelemnul.
    48 | D        | Found a shimmering altar of Xom.
    48 | D        | Found an ornate altar of the Wu Jian Council.
    48 | D        | Found a sacrificial altar of Ru.
    48 | D        | Found a stormy altar of Qazlal.
    48 | D        | Found an iron altar of Okawaru.
    48 | D        | Found a sparkling altar of Nemelex Xobeh.
    48 | D        | Found a burning altar of Makhleb.
    48 | D        | Found a blossoming altar of Fedhas.
    48 | D        | Found a white marble altar of Elyvilon.
    48 | D        | Found a shadowy altar of Dithmenos.
    48 | D        | Found a snail-covered altar of Cheibriados.
    50 | D        | Found a radiant altar of Vehumet.
    50 | D        | Found a corrupted altar of Lugonu.
    50 | D        | Found a roughly hewn altar of Beogh.
    51 | D        | Found a hide-covered altar of Uskayaw.
    51 | D        | Found an ancient bone altar of Kikubaaqudgha.
    51 | D        | Found a broken altar of Ashenzari.
    58 | D        | Killed a death ooze
    69 | D        | Noticed a floating eye
    71 | D        | Killed a floating eye
    71 | D        | Reached skill level 7 in Fighting
    71 | D        | Reached XP level 2. HP: 32/34 MP: 1/1
    71 | D        | Reached XP level 3. HP: 37/39 MP: 2/2
    71 | D        | Reached XP level 4. HP: 44/47 MP: 3/3
    73 | D        | Reached ** piety under Trog
    93 | D        | Noticed a floating eye
    94 | D        | Noticed a floating eye
   101 | D        | Killed a floating eye
   101 | D        | Reached skill level 9 in Fighting
   101 | D        | Reached skill level 1 in Stealth
   101 | D        | Reached XP level 5. HP: 55/57 MP: 4/4
   102 | D        | Paralysed by a floating eye for 4 turns
   112 | D        | Reached *** piety under Trog
   112 | D        | Reached skill level 5 in Armour
   113 | D        | Paralysed by a floating eye for 2 turns
   116 | D        | Killed a floating eye
   116 | D        | Reached skill level 10 in Fighting
   116 | D        | Reached skill level 10 in Axes
   116 | D        | Reached XP level 6. HP: 26/66 MP: 5/5
   422 | D        | Noticed a floating eye
   431 | D        | Reached skill level 5 in Dodging
   431 | D        | Paralysed by a floating eye for 2 turns
   435 | D        | Reached **** piety under Trog
   439 | D        | Killed a floating eye
   439 | D        | Reached skill level 11 in Fighting
   439 | D        | Reached XP level 7. HP: 65/74 MP: 6/6
   443 | D        | Reached ***** piety under Trog
   518 | D        | Noticed Psyche
   533 | D        | Killed Psyche
   533 | D        | Reached skill level 12 in Fighting
   542 | D        | Killed a quicksilver dragon
   693 | D        | Reached XP level 8. HP: 85/85 MP: 7/7
   735 | D        | Noticed an orc knight
   747 | D        | Reached ****** piety under Trog
   750 | D        | Killed an orc knight
   750 | D        | Reached skill level 13 in Fighting
   820 | D        | Found the +7 Spriggan's Knife {stab, EV+4 Stlth+}
   850 | D        | Got the +1 broad axe of the Scorching Tiger {elec, Str+4}
   964 | D        | Noticed a naga mage
   965 | D        | Noticed a naga mage
   965 | D        | Noticed a deep elf mage
   970 | D        | Killed a naga mage
   970 | D        | Reached XP level 9. HP: 93/93 MP: 8/8
   972 | D        | Killed a naga mage
   972 | D        | Received a gift from Trog
   972 | D        | Reached skill level 15 in Axes
   972 | D        | Reached skill level 10 in Armour
   975 | D        | Killed a deep elf mage
   975 | D        | Reached skill level 14 in Fighting
  1071 | D        | Noticed a merfolk avatar
  1087 | D        | Killed a merfolk avatar
  1087 | D        | Received a gift from Trog
  1102 | D        | Noticed a demonic crawler
  1104 | D        | Noticed a merfolk avatar
  1112 | D        | Killed a demonic crawler
  1112 | D        | Reached skill level 15 in Fighting
  1112 | D        | Reached XP level 10. HP: 98/105 MP: 9/9
  1119 | D        | Killed a merfolk avatar
  1146 | D        | Noticed a centaur warrior
  1152 | D        | Killed a centaur warrior
  1152 | D        | Received a gift from Trog
  1183 | D        | Noticed a death yak
  1188 | D        | Killed a death yak
  1193 | D        | Reached skill level 16 in Fighting
  1336 | D        | Received a gift from Trog
  1366 | D        | Noticed a sea snake
  1373 | D        | Received a gift from Trog
  1378 | D        | Killed a sea snake
  1384 | D        | Got a brightly glowing battleaxe {god gift}
  1385 | D        | Identified the +9 battleaxe of Execution {vorpal, rElec
                  | rPois} (Trog gifted it to you in the Dungeon)
  1418 | D        | Noticed a molten gargoyle
  1420 | D        | Noticed a gargoyle
  1422 | D        | Reached XP level 11. HP: 116/116 MP: 10/10
  1429 | D        | Reached skill level 17 in Fighting
  1472 | D        | Noticed an orc knight
  1473 | D        | Received a gift from Trog
  1477 | D        | Killed an unseen horror
  1481 | D        | Killed an orc knight
  1489 | D        | Noticed a deep troll
  1489 | D        | Noticed an alligator
  1490 | D        | Noticed a catoblepas
  1493 | D        | Killed a deep troll
  1493 | D        | Received a gift from Trog
  1503 | D        | Killed an alligator
  1503 | D        | Reached skill level 18 in Fighting
  1506 | D        | Killed a catoblepas
  1818 | D        | Noticed a death yak
  1826 | D        | Killed a death yak
  1826 | D        | Received a gift from Trog
  1861 | D        | Noticed a sea snake
  1861 | D        | Noticed a rakshasa
  1861 | D        | Noticed an orc sorcerer
  1871 | D        | Killed a sea snake
  1872 | D        | Received a gift from Trog
  1872 | D        | Reached skill level 19 in Fighting
  1873 | D        | Reached skill level 15 in Armour
  1879 | D        | Killed an orc sorcerer
  1879 | D        | Received a gift from Trog
  1886 | D        | Killed a rakshasa
  1886 | D        | Reached XP level 12. HP: 128/130 MP: 11/11
  2173 | D        | Noticed a death cob
  2173 | D        | Noticed a black draconian
  2173 | D        | Noticed a red draconian monk
  2173 | D        | Noticed a vampire knight
  2173 | D        | Noticed an eight-headed hydra
  2173 | D        | Noticed a death yak
  2184 | D        | Killed a death cob
  2258 | D        | Killed an acid blob
  2485 | D        | Paralysed by something for 3 turns
  2500 | D        | Killed a vampire knight
  2500 | D        | Received a gift from Trog
  2500 | D        | Reached skill level 20 in Fighting
  2533 | D        | Killed a black draconian
  2714 | D        | Got a pitted glaive {god gift}
  2774 | D        | Killed a red draconian monk
  2780 | D        | Killed a death yak
  2784 | D        | Killed a 12-headed hydra
  2784 | D        | Reached skill level 21 in Fighting
  3067 | D        | Noticed a Tzitzimitl
  3072 | D        | Killed a Tzitzimitl
  3417 | D        | Noticed an ancient lich
  3424 | D        | Killed an ancient lich
  3424 | D        | Received a gift from Trog
  3424 | D        | Reached skill level 22 in Fighting
  3424 | D        | Reached XP level 13. HP: 125/145 MP: 12/12
  3661 | D        | Noticed a Tzitzimitl
  3669 | D        | Killed a Tzitzimitl
  3980 | D        | Noticed a red draconian scorcher
  3986 | D        | Killed a red draconian scorcher
  4217 | D        | Noticed a nagaraja
  4221 | D        | Noticed a green draconian annihilator
  4229 | D        | Killed a nagaraja
  4229 | D        | Received a gift from Trog
  4229 | D        | Reached skill level 23 in Fighting
  4236 | D        | Killed a green draconian annihilator
  4415 | D        | Noticed an ancient lich
  4415 | D        | Paralysed by an ancient lich for 2 turns
  4434 | D        | Killed an ancient lich
  4434 | D        | Reached skill level 24 in Fighting
  4529 | D        | Noticed a nagaraja
  4533 | D        | Noticed a deep elf sorcerer
  4533 | D        | Noticed a sphinx
  4533 | D        | Noticed a deep elf sorcerer
  4533 | D        | Noticed a deep elf death mage
  4533 | D        | Noticed a deep elf death mage
  4535 | D        | Noticed a red draconian
  4537 | D        | Noticed a yellow draconian knight
  4537 | D        | Killed a nagaraja
  4537 | D        | Noticed a purple draconian shifter
  4540 | D        | Killed a deep elf death mage
  4540 | D        | Received a gift from Trog
  4543 | D        | Killed a red draconian
  4543 | D        | Reached XP level 14. HP: 160/160 MP: 13/13
  4544 | D        | Killed a deep elf sorcerer
  4546 | D        | Killed a sphinx
  4549 | D        | Killed a purple draconian shifter
  4549 | D        | Received a gift from Trog
  4552 | D        | Killed a deep elf sorcerer
  4552 | D        | Reached skill level 5 in Stealth
  4552 | D        | Killed a yellow draconian knight
  4552 | D        | Reached skill level 25 in Fighting
  4555 | D        | Received a gift from Trog
  4899 | D        | Noticed a storm dragon
  4900 | D        | Noticed a nagaraja
  4901 | D        | Noticed a purple draconian shifter
  4908 | D        | Killed a storm dragon
  4913 | D        | Killed a nagaraja
  4923 | D        | Killed a purple draconian shifter
  4923 | D        | Received a gift from Trog
  5010 | D        | Identified the +8 glaive "Damp Demonslayer" {vorpal, *Noise
                  | rPois MR+ SInv} (Trog gifted it to you in the Dungeon)
  5018 | D        | Got the amulet of Hasanain {RegenMP rElec rPois rC++ Int-5}
  5020 | D        | Got the ring "Himuwk" {*Corrode rPois Str+6 Int+2 Stlth-}
  5022 | D        | Got the amulet "Keuh" {Spirit *Contam rF+ Dex+2}
  5024 | D        | Got the amulet of Mawn {Faith *Corrode rF+++ rN+++ Stlth-}
  5026 | D        | Got the amulet of the Furies {Reflect rC++ MR++ Slay-6
                  | SH+5}
  5029 | D        | Got the amulet "Vuadeq" {RegenMP *Drain rF+ rN+ Str+6}
  5031 | D        | Got the ring of Qoebekhu {rElec rPois Str+3 Slay+4}
  5033 | D        | Got the amulet "Hosutife" {rElec Regen+ Str+4}
  5035 | D        | Got the amulet "Ibiss" {Spirit rF++ MR+ Str-3}
  5038 | D        | Got the ring of the Gastropod {rF+ Int+3 Slay+5}
  5040 | D        | Got the amulet "Lituurai" {rC+ MR+++ Regen+ Int+2}
  5042 | D        | Got the amulet "Bacs" {Reflect rN++ SH+5}
  5044 | D        | Got the amulet "Ofafim" {Faith *Corrode rPois rN+++ SInv}
  5058 | D        | Got the ring of Uthagez {rF+ rC++ SInv}
  5060 | D        | Got the ring of Descent {Ice *Drain Str+3 Int+9 Stlth-}
  5064 | D        | Got the ring of Pessimism {rElec MR+ Dex+6}
  5066 | D        | Got the ring "Loep Puo" {rF+ Int+4}
  5068 | D        | Got the ring of Jypekk {rPois Int+4}
  5070 | D        | Got the ring of Iwkemn {AC+6 Str+5}
  5072 | D        | Got the ring of Egomania {rPois rC- Str+6 Dex+2}
  5074 | D        | Got the ring "Jamp" {Ice Int+4 Dex-5}
  5076 | D        | Got the ring "Araok" {Wiz rF++ Dex+2}
  5078 | D        | Got the ring of Cuinugio {Fire *Corrode Int+8 Dex+2 Stlth+}
  5080 | D        | Got the ring of Wadoz {rF+ rC+}
  5082 | D        | Got the ring "Dyiss" {AC+6 Str+4 Dex+4}
  5197 | D        | Noticed an orc warlord
  5198 | D        | Noticed an orc warlord
  5203 | D        | Received a gift from Trog
  5212 | D        | Killed an orc warlord
  5212 | D        | Killed an orc warlord
  5212 | D        | Received a gift from Trog
  5212 | D        | Reached skill level 26 in Fighting
  5281 | D        | Noticed a deep elf blademaster
  5286 | D        | Killed a deep elf blademaster
  5286 | D        | Received a gift from Trog
  5371 | D        | Got the +10 scimitar "Death Rattle" {speed, rPois}
  5415 | D        | Noticed a ghost moth
  5422 | D        | Received a gift from Trog
  5424 | D        | Reached XP level 15. HP: 173/173 MP: 3/14
  5430 | D        | Killed a ghost moth
  5435 | D        | Reached skill level 27 in Fighting
  5745 | D        | Noticed Boecseub the pandemonium lord
  5756 | D        | HP: 3/261 [acid (14)]
  5756 | D        | Engulfed by Boecseub the pandemonium lord's acidic fog

Illustrated notes

Levels and vault maps discovered:
D:        pitsprint [storerooms_1, entrance_room_1, metal_vault_1, armoury_2,
          mini_pit_1, grid_room_1, main_hall_1, silver_pit, the_coven_3,
          the_vestibule_1, steel_vault_5, golden_pit, hallway_of_sentries,
          crystal_vault_3, iron_vault_1, final_vault]

Skill      XL: |  1  2  3  4  5  6  7  8  9 10 11 12 13 14 15 |
---------------+----------------------------------------------+-----
Fighting       | 7 9 10 11 12 13 15 16 19 22 24 26 27 | 27.0
Axes           | 7 9 10 11 13 14 16 19 21 23 24 26 | 26.5
Armour         | 4 5 6 8 9 11 13 15 19 22 24 | 24.7
Dodging        | 3 4 5 6 7 8 9 |  9.2
Stealth        | 1 2 3 4 8 9 |  9.2

Action                   |  1- 3 |  4- 6 |  7- 9 | 10-12 | 13-15 || total
-------------------------+-------+-------+-------+-------+-------++-------
Melee: Hand axe          |     6 |    33 |    66 |       |       ||   105
       Headbutt          |     1 |     7 |    19 |    32 |    31 ||    90
       Broad axe         |       |       |    32 |    40 |       ||    72
       Battleaxe         |       |       |       |   100 |   107 ||   207
Invok: Berserk           |       |       |     3 |     9 |     8 ||    20
       Brothers in Arms  |       |       |       |     2 |     5 ||     7
Evoke: Wand              |       |       |       |       |     1 ||     1
       Lightning rod     |       |       |       |       |     1 ||     1
  Use: Potion            |       |       |       |     3 |     3 ||     6
       Scroll            |       |       |       |     1 |     2 ||     3
 Stab: Sleeping          |     1 |     1 |       |       |       ||     2
       Invisible         |       |       |       |       |     8 ||     8
       Distracted        |       |       |       |       |     1 ||     1
Armor: Animal skin       |       |     4 |       |       |       ||     4
       Scale mail        |       |     5 |    19 |       |       ||    24
       Plate armour      |       |       |    17 |    96 |    57 ||   170
       Gold dragon scale |       |       |       |       |     3 ||     3
Dodge: Dodged            |     1 |    10 |    34 |    85 |    47 ||   177

Table legend: (Time is in decaauts)
 A = Elapsed time spent in this place.
 B = Non-inter-level travel time spent in this place.
 C = Inter-level travel time spent in this place.
 D = Time resting spent in this place.
 E = Time spent auto-exploring this place.
 F = Levels seen in this place.
 G = Mean time per level.
                   A        B        C        D        E       F      G
               +--------+--------+--------+--------+--------+-----+--------+
         Total |   5806 |   5805 |      1 |   3494 |     80 |   1 | 5806.0 |
       Dungeon |   5806 |   5805 |      1 |   3494 |     80 |   1 | 5806.0 |
               +--------+--------+--------+--------+--------+-----+--------+

Top non-repeatable levels by time:
       D: 5806 daAuts
